 Dungeon Crawl Stone Soup version 0.20.1-1-g8b1a95d (webtiles) character file.

966 Lanoc the Chopper (level 8, -3/57 HPs)
             Began as an Octopode Chaos Knight on Dec 14, 2017.
             Slain by an ice beast (5 damage)
             ... on level 6 of the Dungeon.
             The game lasted 00:15:40 (5036 turns).

Lanoc the Chopper (Octopode Chaos Knight)           Turns: 5036, Time: 00:15:40

Health: -3/57      AC:  1    Str: 13    XL:     8   Next: 15%
Magic:  8/8        EV: 22    Int: 19    God:    Xom [..*...]
Gold:   150        SH:  0    Dex: 18    Spells: 7/7 levels left

rFire    + . .     SeeInvis +   w - +0 hand axe of the Living Dead {speed, Str+2 Int+4} (curse)
rCold    + . .     Gourm    .   (no shield)
rNeg     . . .     Faith    .   (helmet restricted)
rPois    +         Spirit   .   g - amulet of rage
rElec    +         Reflect  .   c - ring of see invisible
rCorr    +         Harm     .   (no ring)
MR       .....                  (no ring)
Stlth    ++++......             (no ring)
Regen    0.2/turn               (no ring)
MPRegen  0.2/turn               (no ring)
                                (no ring)
                                (no ring)

@: agile, resistant
A: almost no armour, stealthy swim, amphibious, 8 rings, constrict 8, camouflage
1, gelatinous body 1
a: Renounce Religion, Evoke Berserk Rage


You were on level 6 of the Dungeon.
You worshipped Xom.
You were a toy of Xom.
You were not hungry.

You visited 1 branch of the dungeon, and saw 6 of its levels.

You collected 150 gold pieces.

Inventory:

Hand Weapons
 a - a +0 hand axe of chaos
 i - a +1 battleaxe
 w - the cursed +0 hand axe of the Living Dead (weapon) {speed, Str+2 Int+4}
   (You found it on level 6 of the Dungeon)

   Attacks with this weapon are significantly faster.
   It affects your strength (+2).
   It affects your intelligence (+4).
   It has a curse placed upon it.
Jewellery
 c - a ring of see invisible (left tentacle)
 g - an amulet of rage (around mantle)
 r - an uncursed amulet of faith
Wands
 j - a wand of disintegration (21/24)
 q - a wand of lightning (3/15)
 s - a wand of flame (17/48)
 t - a wand of polymorph (9/24)
 x - a wand of flame (26/48)
 y - a wand of random effects (14/48)
Scrolls
 d - 3 scrolls of identify
 e - 4 scrolls of remove curse
 f - a scroll of fear {unknown}
 h - a scroll of amnesia
 k - a scroll of enchant weapon
 l - a scroll of fog
Potions
 p - a potion of resistance
 v - a potion of might {unknown}
Comestibles
 b - 3 bread rations
 m - 2 meat rations
 u - 4 chunks of flesh


   Skills:
 + Level 5.9 Fighting
 + Level 6.2 Axes
 + Level 5.7 Dodging


You had 7 spell levels left.
You didn't know any spells.

Dungeon Overview and Level Annotations

Branches:
Dungeon (6/15)             Temple (0/1) D:4

Altars:
Fedhas
Uskayaw


Innate Abilities, Weirdness & Mutations

You cannot wear most types of armour.
You are very stealthy in the water. (Stealth+)
You are amphibious.
You can wear up to eight rings at the same time.
You can use your tentacles to constrict eight enemies at once.
Your skin changes colour to match your surroundings (Stealth+).
Your rubbery body absorbs attacks. (AC +1, EV +1)


Message History

You feel better. The ice beast closely misses you.
You closely miss the ice beast.
The ice beast is heavily wounded.
You barely miss the ice beast. Your squeeze misses the ice beast.
The ice beast is heavily wounded.
The ice beast barely misses you.
You hit the ice beast but do no damage.
The ice beast is heavily wounded.
The ice beast hits you.
* * * LOW HITPOINT WARNING * * *
The ice beast freezes you!
* * * LOW HITPOINT WARNING * * *
It was a potion of resistance.
You feel protected. The ice beast closely misses you.
It was a potion of agility.
You feel agile all of a sudden.
Xom thinks this is hilarious!
The ice beast hits you.
You die...

###### #....# .. #....#
...... ###....##..$...
.. ####......... #.# #.#
#..........# # #.# #.#
#........$.# #.#.# #.###
......Y@...# #.#.###....
#..........# #..........
#####....#######.###....
#...................
#...^.######.###....
#?.........#........
#.#.#.####.#.##.....
#.......#...........
##.#....#(.#........


You could see an ice beast.

Vanquished Creatures
  The ghost of letownia2 the Grave Robber, an amateur DDNe (D:5)
  An ogre (D:6)
  A centaur (D:5)
  Blork the orc (D:5)
  A bullfrog (D:6)
  A scorpion (D:4)
  A howler monkey (D:5)
  A crimson imp (D:5)
  A hound (D:4)
  3 orc wizards
  A bullfrog skeleton (D:6)
  An iguana (D:6)
  4 worker ants
  2 howler monkey zombies (D:6)
  6 adders
  3 oozes
  An adder skeleton (D:5)
  4 worms
  2 dart slugs
  3 leopard geckos
  5 orcs
  12 giant cockroaches
  5 hobgoblins
  2 quokkas
  6 bats
  6 frilled lizards
  A giant cockroach zombie (D:5)
  5 goblins
  15 kobolds
  10 rats
  A plant (D:1)
107 creatures vanquished.

Vanquished Creatures (collateral kills)
  3 leopard geckos (D:1)
  A bush (D:1)
4 creatures vanquished.

Grand Total: 111 creatures vanquished

Notes
Turn   | Place    | Note
-------+----------+-------------------------------------------
     0 | D:1      | Lanoc the Octopode Chaos Knight began the quest for the Orb.
     0 | D:1      | Reached XP level 1. HP: 16/16 MP: 1/1
    41 | D:1      | Reached XP level 2. HP: 4/21 MP: 2/2
   140 | D:1      | XOM: silly message
   590 | D:1      | XOM: harmless Ice miscast
   676 | D:1      | Reached XP level 3. HP: 26/26 MP: 3/3
   933 | D:1      | XOM: harmless Erth miscast
  1343 | D:2      | Reached XP level 4. HP: 31/31 MP: 4/4
  1452 | D:2      | Reached skill level 4 in Axes
  1805 | D:2      | XOM: smoke on damage
  1893 | D:3      | Reached XP level 5. HP: 32/37 MP: 5/5
  1961 | D:3      | XOM: harmless Tloc miscast
  2522 | D:4      | XOM: harmless Chrm miscast
  2570 | D:4      | XOM: noise
  2574 | D:4      | Reached XP level 6. HP: 22/43 MP: 6/6
  2678 | D:4      | XOM: mild Chrm miscast
  3019 | D:4      | XOM: god gift: rapier {god gift}
  3179 | D:4      | Found a staircase to the Ecumenical Temple.
  3238 | D:5      | Entered Level 5 of the Dungeon
  3264 | D:5      | Found a blossoming altar of Fedhas.
  3312 | D:5      | HP: 1/44 [centaur (5)]
  3316 | D:5      | Reached skill level 5 in Axes
  3319 | D:5      | HP: 3/66 [leopard gecko (2)]
  3335 | D:5      | XOM: noise
  3363 | D:5      | XOM: mild Pois miscast
  3377 | D:5      | HP: 2/44 [poisoned by the capriciousness of Xom (residual poison)]
  3383 | D:5      | HP: 2/44 [poisoned by the capriciousness of Xom (residual poison)]
  3748 | D:5      | Noticed letownia2's ghost (amateur DDNe)
  3748 | D:5      | XOM: confuse monster(s)
  3751 | D:5      | Noticed a dagger
  3752 | D:5      | Noticed a dagger
  3755 | D:5      | Killed letownia2's ghost
  3755 | D:5      | Reached skill level 5 in Fighting
  3755 | D:5      | Reached XP level 7. HP: 41/50 MP: 7/7
  3756 | D:5      | Found a hide-covered altar of Uskayaw.
  4032 | D:5      | XOM: summons friendly white imp
  4036 | D:5      | Reached skill level 5 in Dodging
  4288 | D:5      | Noticed Blork the orc
  4294 | D:5      | Killed Blork the orc
  4299 | D:5      | XOM: mild Tmut miscast
  4955 | D:6      | Reached skill level 6 in Axes
  4955 | D:6      | Reached XP level 8. HP: 47/57 MP: 8/8
  4977 | D:6      | Got a fine hand axe
  4978 | D:6      | Identified the cursed +0 hand axe of the Living Dead {speed, Str+2 Int+4} (You found it on level 6 of the Dungeon)
  5034 | D:6      | HP: 1/57 [ice beast (11)]
  5036 | D:6      | Slain by an ice beast

Skill      XL: |  1  2  3  4  5  6  7 |
---------------+----------------------+-----
Dodging        | 3 4 5 |  5.7
Axes           | 4 5 6 |  6.2
Fighting       | 4 5 |  5.9

Action                   |  1- 3 |  4- 6 |  7- 9 || total
-------------------------+-------+-------+-------++-------
Melee: Hand axe          |   100 |       |    28 ||   128
       Constrict         |    15 |    30 |    13 ||    58
       Tentacles         |    24 |    18 |    18 ||    60
       Battleaxe         |     9 |   108 |    44 ||   161
 Abil: Evoke Berserk Rag |       |     1 |       ||     1
  Use: Scroll            |       |     6 |     1 ||     7
       Potion            |       |     3 |     3 ||     6
 Stab: Confused          |     1 |     1 |       ||     2
       Sleeping          |     6 |     3 |     1 ||    10
       Distracted        |       |     1 |       ||     1
  Eat: Chunk             |     1 |     7 |     4 ||    12
       Royal jelly       |       |     1 |       ||     1
Armor: Skin              |     5 |    19 |     3 ||    27
Dodge: Dodged            |    42 |    89 |    51 ||   182
